 Dungeon Crawl Stone Soup version 0.28-a0-1415-g7c84da036a (webtiles) character file.

Game seed: 15436433136655958853

801 kernelcode the Covered (level 7, -1/61 HPs)
             Began as a Minotaur Fighter on Jan 7, 2022.
             Slain by an ogre (20 damage)
             ... on level 5 of the Dungeon on Dec 21, 2023.
             The game lasted 00:19:01 (5554 turns).

kernelcode the Covered (Minotaur Fighter)           Turns: 5554, Time: 00:19:01

Health: -1/61      AC: 14    Str: 23    XL:     7   Next: 59%
Magic:  6/6        EV:  9    Int:  5    God:
Gold:   245        SH:  4    Dex:  9    Spells: 6/6 levels left

rFire   . . .      SeeInvis .   v - +2 trident (protect)
rCold   . . .      Faith    .   c - +0 buckler
rNeg    . . .      Spirit   .   b - +0 scale mail
rPois   .          Reflect  .   (helmet restricted)
rElec   .          Harm     .   (no cloak)
rCorr   .          Rampage  .   (no gloves)
Will    .....                   (no boots)
Stlth   ..........              (no amulet)
HPRegen 0.20/turn               (no ring)
MPRegen 0.10/turn               (no ring)

@: under a protective aura
A: horns 2, retaliatory headbutt
a: no special abilities


You were on level 5 of the Dungeon.
You visited 1 branch of the dungeon, and saw 5 of its levels.

You collected 245 gold pieces.

Inventory:

Hand Weapons
 a - a +0 war axe
 g - a +2 short sword of freezing
 l - a +1 dagger of venom
 v - a +2 trident of protection (weapon)
Missiles
 h - 175 stones (quivered)
Armour
 b - a +0 scale mail (worn)
 c - a +0 buckler (worn)
Scrolls
 e - 3 scrolls of enchant armour {unknown}
 f - a scroll of fog {unknown}
 i - a scroll of vulnerability {unknown}
 m - a scroll of teleportation {unknown}
 n - a scroll of brand weapon {unknown}
 o - a scroll of torment {unknown}
 r - 2 scrolls of identify {unknown}
 s - a scroll of noise {unknown}
 u - a scroll of blinking {unknown}
Potions
 d - a potion of might
 j - 2 potions of cancellation {unknown}
 k - a potion of berserk rage {unknown}
 p - a potion of flight {unknown}
 q - a potion of curing {unknown}
 t - 2 potions of haste {unknown}


   Skills:
 + Level 5.3 Fighting
 - Level 5.6 Short Blades
 - Level 2.5(2.8) Axes
 + Level 1.8(2.4) Polearms
 + Level 5.9 Armour
 - Level 1.3 Dodging
 - Level 0.5 Stealth
 + Level 5.3 Shields


You had 6 spell levels left.
You didn't know any spells.
Your spell library was empty.

Dungeon Overview and Level Annotations

Branches:
Dungeon (5/15)
 Temple: D:4-7

Altars:
Fedhas

Annotations:
D:3 exclusion: oklob plant


Innate Abilities, Weirdness & Mutations

You have a pair of horns on your head.
You reflexively headbutt those who attack you in melee.


Message History

You furiously retaliate!
You headbutt the water moccasin zombie.
The water moccasin zombie bites you but does no damage.
You hit the water moccasin zombie. You headbutt the water moccasin zombie.
The water moccasin zombie is moderately damaged.
The water moccasin zombie bites you but does no damage.
You barely miss the water moccasin zombie.
The water moccasin zombie is moderately damaged.
The water moccasin zombie bites you but does no damage.
The water moccasin zombie bites you.
You puncture the water moccasin zombie! You headbutt the water moccasin zombie.
The water moccasin zombie is severely damaged.
The water moccasin zombie bites you but does no damage.
You completely miss the water moccasin zombie.
The water moccasin zombie is severely damaged.
The water moccasin zombie bites you.
The water moccasin zombie barely misses you.
You furiously retaliate!
You headbutt the water moccasin zombie!
You destroy the water moccasin zombie!
Found 12 gold pieces.
An ogre comes into view. It is wielding a +0 giant club.
The ogre shouts!
The ogre hits you with a +0 giant club!
The ogre hits you with a +0 giant club!!
You puncture the ogre!
Your weapon exudes an aura of protection.
You headbutt the ogre.
The ogre is moderately wounded.
The ogre barely misses you. You furiously retaliate!
You headbutt the ogre! You hit the ogre. Your headbutt misses the ogre.
The ogre is severely wounded.
The ogre hits you with a +0 giant club.
You hit the ogre.
The ogre is almost dead.
The ogre hits you but does no damage.
You barely miss the ogre.
The ogre is almost dead.
The ogre hits you with a +0 giant club!!
Bones file is buggy: /crawl-master/crawl-git/saves/bones/bones.store.D-5 Clearing bad bones file: /crawl-master/crawl-git/saves/bones/bones.store.D-5 You die...

#################
..................$..##
#.#....###...#O@.......
##.#....# #...#.........
........# #...#.........
........###...########.#
..............# #
....).........#######
....)...............#
....#.).......#####.#
..............# #.#


You could see an ogre.

Vanquished Creatures
  2 necrophages
  2 ogres (D:4)
  A wyvern zombie (D:5)
  A water moccasin zombie (D:5)
  A hound (D:5)
  3 jellies
  An iguana (D:4)
  A killer bee zombie (D:5)
  2 hound skeletons
  4 gnolls (D:3)
  3 adders
  A white imp (D:4)
  An ufetubus (D:4)
  A worm (D:2)
  5 dart slugs
  4 orcs (D:5)
  4 endoplasms
  3 giant cockroaches
  9 goblins
  3 hobgoblins
  7 kobolds
  5 quokkas
  4 ball pythons
  A frilled lizard (D:3)
  5 rats
74 creatures vanquished.

Notes
Turn   | Place    | Note
-------+----------+-------------------------------------------
     0 | D:1      | kernelcode the Minotaur Fighter began the quest for the
                  | Orb.
     0 | D:1      | Reached XP level 1. HP: 19/19 MP: 0/0
   190 | D:1      | Reached XP level 2. HP: 25/27 MP: 1/1
   538 | D:1      | Found a faded altar of an unknown god.
  1304 | D:2      | Reached XP level 3. HP: 29/33 MP: 2/2
  1567 | D:2      | Reached skill level 1 in Short Blades
  1779 | D:2      | Reached XP level 4. HP: 37/40 MP: 3/3
  2832 | D:3      | Found a blossoming altar of Fedhas.
  2844 | D:3      | Noticed an oklob plant
  2951 | D:3      | Reached XP level 5. HP: 8/47 MP: 4/4
  3912 | D:4      | Noticed a necrophage
  4193 | D:4      | Noticed an ogre
  4278 | D:3      | Killed a necrophage
  4279 | D:3      | Reached XP level 6. HP: 50/53 MP: 5/5
  4306 | D:4      | Reached skill level 5 in Armour
  4609 | D:4      | Reached skill level 5 in Short Blades
  4609 | D:4      | Reached skill level 1 in Dodging
  4776 | D:4      | Reached XP level 7. HP: 16/60 MP: 6/6
  5181 | D:5      | Entered Level 5 of the Dungeon
  5341 | D:5      | Reached skill level 5 in Fighting
  5344 | D:5      | Reached skill level 5 in Shields
  5350 | D:5      | Reached skill level 1 in Polearms
  5554 | D:5      | Slain by an ogre

Illustrated notes

Levels and vault maps discovered:
D:1:      dpeg_arrival_radiant, layout_basic,
          ebering_ecumenical_altar_abandoned, kennysheep_crisscross,
          minivault_26, kennysheep_nondescript
D:2:      layout_basic, minmay_misc_feat_doors
D:3:      layout_basic, tgw_fedhas
D:4:      layout_gridville
D:5:      kennysheep_kobold_camp, layout_basic, uniq_pikel

Skill      XL: |  1  2  3  4  5  6  7 |
---------------+----------------------+-----
Fighting       | 4 5 |  5.3
Shields        | 4 5 |  5.3
Armour         | 4 5 |  5.9
Short Blades   | 1 3 4 5 |  5.6
Dodging        | 1 |  1.3
Polearms       | 1 |  1.8
Axes           | |  2.5
Stealth        | |  0.5

Action                   |  1- 3 |  4- 6 |  7- 9 || total
-------------------------+-------+-------+-------++-------
Melee: War axe           |    14 |       |       ||    14
       Headbutt          |     4 |    22 |    12 ||    38
       Short sword       |    37 |   103 |     7 ||   147
       Trident           |       |       |    31 ||    31
Armor: Scale mail        |    24 |    44 |    27 ||    95
Dodge: Dodged            |    22 |    56 |    24 ||   102
Block: Buckler           |     8 |    19 |     7 ||    34

Table legend: (Time is in decaauts)
 A = Elapsed time spent in this place.
 B = Non-inter-level travel time spent in this place.
 C = Inter-level travel time spent in this place.
 D = Time resting spent in this place.
 E = Time spent auto-exploring this place.
 F = Levels seen in this place.
 G = Mean time per level.
                   A        B        C        D        E       F      G
               +--------+--------+--------+--------+--------+-----+--------+
         Total |   5575 |   5260 |    315 |   1292 |   2623 |   5 | 1115.0 |
       Dungeon |   5575 |   5260 |    315 |   1292 |   2623 |   5 | 1115.0 |
               +--------+--------+--------+--------+--------+-----+--------+

Top non-repeatable levels by time:
     D:4: 1470 daAuts
     D:3: 1276 daAuts
     D:2: 1236 daAuts
     D:1: 1212 daAuts
     D:5: 379 daAuts
